 Dungeon Crawl Stone Soup version 0.30-a0-782-ge64f9170bb (webtiles) character file.

Game seed: 13627070503849705522

84 demibob the Slasher (level 4, -2/39 HPs)
             Began as a Minotaur Fighter on Feb 19, 2023.
             Slain by a gnoll
             ... wielding a +0 flail
              (5 damage)
             ... on level 3 of the Dungeon.
             The game lasted 00:01:38 (1341 turns).

demibob the Slasher (Minotaur Fighter)              Turns: 1341, Time: 00:01:39

Health: -2/39      AC:  6    Str: 21    XL:     4   Next: 24%
Magic:  3/3        EV:  9    Int:  5    God:
Gold:   71         SH:  0    Dex: 11    Spells: 3/3 levels left

rFire   . . .      SeeInvis .    a - +0 long sword
rCold   . . .      Faith    .    (no shield)
rNeg    . . .      Spirit   .    b - +0 scale mail
rPois   .          Reflect  .    (helmet restricted)
rElec   .          Harm     .    (no cloak)
rCorr   .          Rampage  .    (no gloves)
Will    .....                    (no boots) Stlth
                                 (no amulet)
HPRegen 0.26/turn                (no ring)
MPRegen 0.08/turn                (no ring)

@: mighty
A: horns 2, retaliatory headbutt
a: no special abilities


You were on level 3 of the Dungeon.
You visited 1 branch of the dungeon, and saw 3 of its levels.

You collected 71 gold pieces.


Innate Abilities, Weirdness & Mutations

You have a pair of horns on your head.
You reflexively headbutt those who attack you in melee.


   Skills:
 - Level 3.6 Fighting
 + Level 5.5 Long Blades
 - Level 3.6 Armour
 - Level 3.6 Shields


You had 3 spell levels left.
You didn't know any spells.
Your spell library contained the following spells:

 Spells                   Type           Power      Damage    Failure   Level
 Kiss of Death            Conj/Necr      0%         2d5       82%         1
 Confusing Touch          Hex            0%         N/A       99%         3
 Dispel Undead            Necr           0%         3d6       100%        4

Inventory:

Hand Weapons
 a - a +0 long sword (weapon)
Armour
 b - a +0 scale mail (worn)
 e - a +0 pair of gloves
Jewellery
 C - a ring of protection from cold
Scrolls
 f - a scroll of enchant weapon {unknown}
 g - a scroll of noise {unknown}
 h - 3 scrolls of identify {unknown}
 i - 2 scrolls of immolation {unknown}
 j - a scroll of teleportation {unknown}
 k - 2 scrolls of fear {unknown}
 l - a scroll of blinking {unknown}
 o - 3 scrolls of brand weapon {unknown}
Potions
 m - a potion of mutation {unknown}
 n - a potion of cancellation {unknown}

Dungeon Overview and Level Annotations

Branches:
Dungeon (3/15)

Altars:
Vehumet

Shops:
D:2

* ### ..# #.#
####.#
#..).#######...
#.##.@gg.......
#. #.#######...
.....# ##.####
#. .. ..


You could see 2 gnolls.


Message History

A gnoll comes into view. It is wielding a +0 whip.
A gnoll comes into view. It is wielding a +0 flail.
The gnoll hits you with a +0 halberd.
* * * LOW HITPOINT WARNING * * *
You barely miss the gnoll.
The gnoll shouts!
You hear a shout!
A gnoll comes into view. It is wielding a +0 flail.
The gnoll barely misses you. You furiously retaliate!
You headbutt the gnoll.
The gnoll shouts!
You hit the gnoll. You headbutt the gnoll!
You kill the gnoll!
You have reached level 4!
You feel stronger.
You feel better.
Things that are here:
a +0 halberd; a gnoll corpse You barely miss the gnoll.
You headbutt the gnoll!
The gnoll is severely wounded.
The gnoll completely misses you.
You slash the gnoll!
You kill the gnoll!
You closely miss the gnoll. The gnoll hits you with a +0 flail!
You barely miss the gnoll. The gnoll hits you with a +0 flail.
* * * LOW HITPOINT WARNING * * *
The gnoll hits you but does no damage.
You closely miss the gnoll. The gnoll hits you with a +0 flail!
* * * LOW HITPOINT WARNING * * *
You barely miss the gnoll. Your punch misses the gnoll.
The gnoll hits you with a +0 flail.
You die...

Skill      XL: |  1  2  3 |
---------------+----------+-----
Long Blades    | 3 4 5 |  5.5
Fighting       | |  3.6
Armour         | |  3.6
Shields        | |  3.6

Action                     |  1- 3 |  4- 6 || total
---------------------------+-------+-------++-------
  Melee: Long sword        |    80 |     6 ||    86
         Headbutt          |    17 |     1 ||    18
    Use: Potion            |     2 |     1 ||     3
 Armour: Scale mail        |    56 |     1 ||    57
  Dodge: Dodged            |    47 |     1 ||    48

Levels and vault maps discovered:
D:1:      dpeg_arrival_arbitrary_a, layout_basic
D:2:      layout_loops_cross, nicolae_ecumenical_oubliette, basic_altar,
          serial_shops, shop_statue
D:3:      layout_loops_cross, mainiacjoe_overflow_six_doors_small,
          gammafunk_ghost_cemetery

Notes
Turn   | Place    | Note
-------+----------+-------------------------------------------
     0 | D:1      | demibob the Minotaur Fighter began the quest for the Orb.
     0 | D:1      | Reached XP level 1. HP: 19/19 MP: 0/0
    78 | D:1      | Reached skill level 3 in Long Blades
   162 | D:1      | Reached XP level 2. HP: 21/26 MP: 1/1
   564 | D:1      | Reached skill level 4 in Long Blades
   886 | D:2      | Reached XP level 3. HP: 17/31 MP: 2/2
  1023 | D:2      | Found Sumyfeuz's Assorted Antiques.
  1109 | D:2      | Found a radiant altar of Vehumet.
  1316 | D:2      | Reached skill level 5 in Long Blades
  1334 | D:3      | Reached XP level 4. HP: 18/39 MP: 3/3
  1340 | D:3      | HP: 3/39 [gnoll/+0 flail (12)]
  1341 | D:3      | Slain by a gnoll

Vanquished Creatures
  3 gnolls
  A worm (D:2)
  A dart slug (D:1)
  6 endoplasms
  2 giant cockroaches
  7 goblins
  3 hobgoblins
  4 jackals (D:2)
  2 kobolds (D:1)
  3 quokkas
  7 ball pythons
  3 bats
  A frilled lizard (D:1)
  2 rats (D:2)
45 creatures vanquished.

Table legend: (Time is in decaauts)
 A = Elapsed time spent in this place.
 B = Non-inter-level travel time spent in this place.
 C = Inter-level travel time spent in this place.
 D = Time resting spent in this place.
 E = Time spent auto-exploring this place.
 F = Levels seen in this place.
 G = Mean time per level.
                   A        B        C        D        E       F      G
               +--------+--------+--------+--------+--------+-----+--------+
         Total |   1356 |   1311 |     45 |      0 |   1040 |   3 |  452.0 |
       Dungeon |   1356 |   1311 |     45 |      0 |   1040 |   3 |  452.0 |
               +--------+--------+--------+--------+--------+-----+--------+

Top non-repeatable levels by time:
     D:1: 814 daAuts
     D:2: 521 daAuts
     D:3: 20 daAuts

Table legend:
 A = Non-vault XP
 B = Vault XP
 C = Vault XP percentage of total XP
 D = Non-vault monster count
 E = Vault monster count
 F = Vault count percentage of total count
                 A         B        C        D         E       F
            +---------+---------+-------+---------+---------+-------
      Total |     121 |       0 |   0.0 |      45 |       0 |   0.0
            +---------+---------+-------+---------+---------+-------
        D:1 |      31 |       0 |   0.0 |      17 |       0 |   0.0
        D:2 |      59 |       0 |   0.0 |      25 |       0 |   0.0
        D:3 |      31 |       0 |   0.0 |       3 |       0 |   0.0
            +---------+---------+-------+---------+---------+-------
